 Dungeon Crawl Stone Soup version bcrawl-1.13.2 (webtiles) character file.

Game seed: 2250605244693415927

6245 Felnil the Blocker (level 10, -6/68 HPs)
             Began as a Skeleton Fighter on Aug 11, 2019.
             Was a Plaything of Xom.
             Mangled by a cyclops (15 damage)
             ... on level 9 of the Dungeon.
             The game lasted 00:30:52 (10135 turns).

Felnil the Blocker (Skeleton Fighter)              Turns: 10135, Time: 00:30:53

Health: -6/68      AC:  8    Str: 27      XL:     10   Next: 62%
Magic:  0/10       EV: 10    Int:  5 (6)  God:    Xom [......]
Gold:   264        SH: 12    Dex:  8      Spells: 9/9 levels left

rFire    . . .     SeeInvis +   a - +1 war axe
rCold    + . .     Gourm    .   c - +0 shield
rNeg     + + +     Faith    .   b - +0 scale mail
rPois    ∞         Spirit   +   (no helmet)
rElec    .         Reflect  .   (no cloak)
rCorr    +         Harm     .   (no gloves)
MR       +....                  (no boots)
Stlth    ..........             v - amulet "Ceachat" {+Rage Slay+2}
HPRegen  0.21/turn              j - ring of resist corrosion
MPRegen  0.12/turn              C - ring of see invisible

@: no status effects
A: no food or potions, cold resistance 1, deterioration 1, negative energy
resistance 3, powered by death 1, torment resistance, unbreathing, magic shield,
sturdy frame 2, spell healing
a: Renounce Religion


You were on level 9 of the Dungeon.
You worshipped Xom.
You were a very special plaything of Xom.
You were not hungry.

You visited 2 branches of the dungeon, and saw 10 of its levels.
You also visited: Ossuary.

You collected 818 gold pieces.
You spent 554 gold pieces at shops.

Inventory:

Hand Weapons
 a - a +1 war axe (weapon)
 r - a +1 battleaxe of flaming
 x - a +1 glaive of chaos
Missiles
 e - 64 javelins
 g - a throwing net {!f}
 i - 174 tomahawks (quivered)
Armour
 b - a +0 scale mail (worn)
 c - a +0 shield (worn)
Jewellery
 f - an uncursed ring of wizardry
 j - a ring of resist corrosion (left hand)
 k - a +5 ring of evasion
 p - a +5 ring of intelligence
 q - an uncursed ring of magical power
 v - the amulet "Ceachat" (around neck) {+Rage Slay+2}
   (You bought it in a shop on level 7 of the Dungeon)

   [amulet of rage]

   It affects your accuracy and damage with ranged weapons and melee attacks
   (+2).
   It lets you go berserk.
 z - an uncursed ring of resist corrosion
 C - a ring of see invisible (right hand)
Wands
 s - a wand of iceblast (5)
 w - a wand of flame (15)
 A - a wand of polymorph (12)
Scrolls
 d - 5 scrolls of teleportation
 l - 5 scrolls of remove curse
 m - a scroll of fog
 n - 3 scrolls of amnesia
 o - 3 scrolls of magic mapping
 t - 3 scrolls of fear
 u - 2 scrolls of summoning
 y - 3 scrolls of identify
 B - a scroll of immolation {unknown}


   Skills:
 + Level 9.9 Fighting
 - Level 2.4 Axes
 + Level 10.6 Armour
 + Level 11.5 Shields


You had 9 spell levels left.
You didn't know any spells.
Your spell library was empty.

Dungeon Overview and Level Annotations

Branches:
Dungeon (9/12)             Temple (1/1) D:7            Lair (0/6) D:9
    Orc: D:8-11

Altars:
Dithmenos
Elyvilon
Fedhas
Gozag
Hepliaklqana
Kikubaaqudgha
Lugonu
Makhleb
Nemelex Xobeh
Okawaru
Qazlal
Ru
Sif Muna
Trog
Vehumet
Wu Jian
Xom
Yredelemnul
Zin
The Shining One

Shops:
D:7 =([   D:9 *


Innate Abilities, Weirdness & Mutations

You do not eat or drink.
You are immune to poison.
Your flesh is cold resistant. (rC+)
Your body sometimes deteriorates upon taking damage.
You are immune to negative energy. (rN+++)
You regenerate a little health from kills.
You are immune to unholy pain and torment.
You can survive without breathing.
When hurt, damage is shared between your health and your magic reserves.
Your movements are less encumbered by armour. (ER -4)
Casting spells heals you.


Message History

The puff of flame hits the cyclops.
The cyclops is heavily wounded.
The cyclops throws a large rock.
You block the large rock.
As you read the scroll of teleportation, it crumbles to dust.
You feel strangely unstable.
Aiming: Polymorph
Press: ? - help, Shift-Dir - straight line, f/p - cyclops
Aim: a cyclops (heavily wounded, chance to defeat MR: 28%)
The cyclops easily resists.
Xom's power touches on a nearby monster.
The cyclops is charmed.
You are now a very special plaything of Xom.
You start resting.
Your surroundings suddenly seem different.
You start resting.
Your magical contamination has completely faded away.
You start resting.
The cyclops is no longer charmed.
The cyclops hits you!!
You die...
Xom laughs nastily!

..#............####..............
###....#####.........#####÷...###
..#....#...#.........'...'....#
..#....'.(.#.........#...#....#
..'....#####.........#####....###
..#...C#..#####....####..........
###....#......#....#..#..........
..#....'...<..#.C..#C.#..........
..#....#+###C.#.@..#..#..........
..#........#..#....#..'..8.8.8...
.)#........#'##....##'#...⌠.⌠....
.[#..........b....##..###8.∩.8###
..#.........b.....#.......⌠.⌠..#
#######...........#......8.8.8.#
#...#...........#.....####'###
#...#....########.....##...#
#...#....#.....'.......#...#


You could see a cyclops.

Vanquished Creatures
  A two-headed ogre (D:9)
  4 hippogriffs
  5 yaks (D:8)
  2 ice beasts
  2 phantoms
  A sky beast (D:6)
  3 ogres
  2 centaurs
  A big kobold (D:7)
  3 bullfrogs
  A gnoll sergeant (D:9)
  A water moccasin zombie (D:6)
  3 scorpions
  5 wights (D:6)
  A howler monkey (D:4)
  2 centaur zombies
  6 crimson imps
  A bullfrog zombie (D:5)
  6 hounds
  2 orc priests (D:4)
  3 gnoll shamans
  A jelly (D:8)
  3 orc wizards
  3 bullfrog skeletons
  An iguana (D:8)
  2 worker ants
  2 hound zombies
  A hound skeleton (D:6)
  8 mummies (Ossuary)
  45 gnolls
  9 adders
  A shadow imp (D:5)
  An ooze (D:3)
  An adder zombie (D:6)
  7 worms
  2 dart slugs
  8 leopard geckos
  20 orcs
  3 giant cockroaches
  2 gnoll zombies (Ossuary)
  2 goblins
  7 hobgoblins
  20 jackals
  12 kobolds
  2 quokkas
  A ball python (D:4)
  6 bats
  2 frilled lizards
  3 hobgoblin zombies (Ossuary)
  A jackal skeleton (D:4)
  2 kobold zombies (Ossuary)
  A leopard gecko skeleton (D:5)
  An orc zombie (Ossuary)
  6 rats
241 creatures vanquished.

Vanquished Creatures (collateral kills)
  A two-headed ogre (D:8)
  A troll (D:8)
  A hippogriff (D:8)
  4 wights (D:8)
7 creatures vanquished.

Grand Total: 248 creatures vanquished

Notes
Turn   | Place    | Note
-------+----------+-------------------------------------------
     0 | D:1      | Felnil the Skeleton Fighter began the quest for the Orb.
     0 | D:1      | Reached XP level 1. HP: 14/14 MP: 1/1
   303 | D:1      | Reached XP level 2. HP: 19/19 MP: 2/2
   490 | D:2      | Reached skill level 4 in Shields
   788 | D:2      | Reached XP level 3. HP: 23/23 MP: 3/3
  1499 | D:3      | Found a radiant altar of Vehumet.
  1535 | D:3      | Found a stormy altar of Qazlal.
  1536 | D:3      | Found a burning altar of Makhleb.
  1536 | D:3      | Found an ornate altar of the Wu Jian Council.
  1536 | D:3      | Found a sacrificial altar of Ru.
  1543 | D:3      | Found a basalt altar of Yredelemnul.
  1543 | D:3      | Found a sparkling altar of Nemelex Xobeh.
  1679 | D:3      | Reached XP level 4. HP: 24/29 MP: 2/4
  1783 | D:3      | Found a glowing golden altar of the Shining One.
  1907 | D:3      | Reached skill level 5 in Shields
  1907 | D:3      | Reached XP level 5. HP: 21/33 MP: 2/5
  2543 | D:4      | Found a hazy altar of Hepliaklqana.
  2563 | D:4      | Reached skill level 5 in Armour
  2778 | D:4      | Gained mutation: You regenerate a little health from kills.
                  | [Skeleton growth]
  2778 | D:4      | Reached XP level 6. HP: 35/39 MP: 4/6
  3070 | D:4      | Reached skill level 5 in Fighting
  3098 | D:4      | Found a corrupted altar of Lugonu.
  3133 | D:4      | Reached skill level 6 in Shields
  3254 | D:4      | Reached XP level 7. HP: 39/44 MP: 7/7
  3927 | D:4      | HP: 2/44 [gnoll/cursed +0 halberd (1)]
  4299 | D:4      | Reached skill level 7 in Shields
  5406 | D:5      | Entered Level 5 of the Dungeon
  5508 | D:5      | Reached XP level 8. HP: 47/51 MP: 8/8
  6314 | D:5      | Reached skill level 8 in Shields
  6450 | D:6      | Found an opulent altar of Gozag.
  6488 | D:6      | Found a sand-covered staircase.
  6505 | Ossuary  | Entered an ossuary
  6949 | D:6      | Reached XP level 9. HP: 57/57 MP: 9/9
  6967 | D:6      | Reached skill level 9 in Shields
  7746 | D:7      | Found Daetigall's Antique Armour Shoppe.
  8051 | D:7      | Reached skill level 10 in Shields
  8227 | D:7      | Found Vatoff's Jewellery Emporium.
  8239 | D:7      | Bought the amulet "Ceachat" {+Rage Slay+2} for 554 gold
                  | pieces
  8265 | D:7      | Found a staircase to the Ecumenical Temple.
  8286 | Temple   | Entered the Ecumenical Temple
  8352 | Temple   | Became a worshipper of Xom of Bone-Dry Humour
  8395 | Temple   | XOM: harmless Erth miscast
  8558 | D:7      | Found Wytux's Antique Weapon Emporium.
  8732 | D:8      | XOM: 7-stop teleportation journey
  8783 | D:8      | XOM: god gift: glowing glaive {god gift}
  8833 | D:8      | XOM: 2-stop teleportation journey
  8892 | D:8      | XOM: 4-stop teleportation journey
  8911 | D:8      | Noticed a two-headed ogre
  8915 | D:8      | XOM: summons 9 friendly demons
  8933 | D:8      | Noticed a troll
  8935 | D:8      | Killed a troll
  8935 | D:8      | Gained mutation: Your movements are less encumbered by
                  | armour. (ER -4) [Skeleton growth]
  8935 | D:8      | Reached XP level 10. HP: 66/66 MP: 10/10
  8936 | D:8      | Killed a two-headed ogre
  9000 | D:8      | XOM: god gift: 48 javelins of penetration
  9166 | D:8      | XOM: scenery: create altars
  9175 | D:8      | XOM: destruction
  9186 | D:8      | XOM: cast spell 'Metabolic Englaciation'
  9199 | D:8      | Reached skill level 10 in Armour
  9606 | D:8      | XOM: scenery: create altars
  9638 | D:9      | Found Cikedgh's Assorted Antiques.
  9644 | D:9      | Reached skill level 11 in Shields
  9729 | D:9      | Noticed a two-headed ogre
  9740 | D:9      | Killed a two-headed ogre
  9862 | D:9      | Found a staircase to the Lair.
  9977 | D:9      | XOM: fog
 10034 | D:9      | Noticed a cyclops
 10038 | D:9      | XOM: smoke on damage
 10058 | D:9      | XOM: butterfly on damage
 10098 | D:9      | HP: 1/68 [cyclops/large rock (18)]
 10101 | D:9      | XOM: enchant monster (good)
 10135 | D:9      | Mangled by a cyclops

Skill      XL: |  1  2  3  4  5  6  7  8  9 10 |
---------------+-------------------------------+-----
Shields        | 4 5 6 7 8 10 11 | 11.5
Armour         | 4 5 6 8 9 10 | 10.6
Fighting       | 4 5 6 7 9 |  9.9
Axes           | |  2.4

Action                   |  1- 3 |  4- 6 |  7- 9 | 10-12 || total
-------------------------+-------+-------+-------+-------++-------
Melee: War axe           |   151 |   165 |   662 |    94 ||  1072
Throw: Tomahawk          |       |       |       |     3 ||     3
       Throwing net      |       |       |       |     1 ||     1
Evoke: Wand              |       |       |       |     6 ||     6
  Use: Scroll            |       |     7 |    11 |     2 ||    20
 Stab: Sleeping          |       |       |     2 |       ||     2
Armor: Scale mail        |    49 |    35 |   166 |    14 ||   264
Dodge: Dodged            |    73 |    91 |   422 |    65 ||   651
Block: Shield            |    69 |    88 |   497 |    74 ||   728
